AoeStats
← Dagon

Black Forest

507920735Analyzed
3v3 RM · 12d ago on Sep 20, 2026· 37m 24s· 6 players
Game mode
Random Map
Map size
Normal (6 player)
Population
200
Speed
Normal
Resources
Standard
Victory
Conquest
Starting age
Dark Age
Ending age
Imperial Age
RankedLock teamsTeams togetherTeam positionsShared explorationLock speedFull tech treeHidden civsTurbo modeCheats
Victory
Defeat
🇹🇼 Byzantines · Taiwan
721
+13
🇨🇳 Italians · China
715
+13
🇮🇹 Malay · Italy
697
+14
🇳🇱 Bohemians · Netherlands
710
-15
🇨🇱 Vikings · Chile
642
-13
🇲🇽 Byzantines · Mexico
610
-12
Peppe_04
11:48 Feudal Age
18:02 Castle Age
16:55 Double-Bit Axe
18:26 Horse Collar
24:18 Bow Saw
27:11 Heavy Plow
27:49 Wheelbarrow
34:03 Imperial Age
33:39 Hand Cart
35:54 Forging
35:08 Elite Karambit Warrior
36:09 Conscription
36:00 Forced Levy
37:25 Town Watch
Whth
8:57 Loom
11:26 Feudal Age
17:03 Castle Age
15:57 Double-Bit Axe
15:56 Horse Collar
19:37 Wheelbarrow
22:17 Bow Saw
23:04 Hand Cart
25:11 Heavy Plow
25:38 Stone Mining
27:16 Stone Shaft Mining
28:40 Gold Mining
31:36 Imperial Age
30:10 Treadmill Crane
31:18 Masonry
31:46 Ballistics
31:33 Padded Archer Armor
31:24 Fletching
31:53 Squires
31:40 Arson
33:26 Chemistry
33:05 Conscription
33:41 Bodkin Arrow
34:02 Leather Archer Armor
34:24 Pirotechnia
37:37 Two-Man Saw
37:11 Crop Rotation
37:42 Fortified Wall
38:02 Architecture
烏鴉
0:35 Loom
15:46 Feudal Age
21:08 Double-Bit Axe
26:35 Castle Age
26:06 Scale Mail Armor
26:15 Scale Barding Armor
30:05 Treadmill Crane
31:19 Treadmill Crane
31:33 Fletching
36:02 Fortified Wall
36:35 Wheelbarrow
37:36 Hand Cart
nel
0:49 Loom
12:43 Feudal Age
13:12 Double-Bit Axe
13:09 Horse Collar
20:51 Castle Age
20:40 Fishing Lines
22:08 Wheelbarrow
21:45 Bow Saw
22:13 Heavy Plow
23:17 Caravan
23:59 Gillnets
24:24 Town Watch
27:48 Fortified Wall
27:20 Treadmill Crane
32:28 Imperial Age
31:59 Chemistry
32:45 Elite Skirmisher
34:31 Two-Man Saw
33:47 Masonry
34:41 Crossbowman
35:18 Fletching
35:29 Padded Archer Armor
36:23 Squires
35:44 Pikeman
36:22 Bodkin Arrow
37:00 Architecture
37:21 Ballistics
37:19 Leather Archer Armor
lopez.miguel2908
14:01 Feudal Age
15:45 Double-Bit Axe
15:42 Horse Collar
22:25 Castle Age
21:30 Gold Mining
21:34 Stone Mining
22:36 Forging
22:37 Loom
Dagon
0:34 Loom
18:26 Feudal Age
18:34 Feudal Age
20:02 Town Watch
24:17 Castle Age
22:44 Stone Mining
22:49 Horse Collar
22:58 Double-Bit Axe
27:24 Heavy Plow
32:43 Bow Saw
33:01 Treadmill Crane
33:35 Gold Mining
Connection lost

Rejoining the realm…

Still unreachable

The connection could not be restored.

Session expired

The server has moved on; the page needs a fresh start.